 Dungeon Crawl Stone Soup version 0.29-a0-337-g68df138881 (webtiles) character file.

Game seed: 12880935882793437776

25969 Lekart the Nimble (level 12, -11/103 HPs)
             Began as a White Draconian Chaos Knight on Apr 17, 2022.
             Was a Plaything of Xom.
             Mangled by a swamp worm (17 damage)
             ... in a Gauntlet.
             The game lasted 00:32:49 (13925 turns).

Lekart the Nimble (White Draconian Chaos Knight)   Turns: 13925, Time: 00:32:50

Health: -11/103    AC: 19    Str: 16    XL:     12   Next: 94%
Magic:  18/18      EV: 18    Int: 19    God:    Xom [*.....]
Gold:   575        SH:  0    Dex: 15    Spells: 16/19 levels left

rFire   + . .      SeeInvis +   B - +7 great sword (freeze)
rCold   + + .      Faith    .   (shield currently unavailable)
rNeg    . . .      Spirit   .   (body armour unavailable)
rPois   .          Reflect  .   i - +1 hat of Ignis's Whim {rF+ Int+7}
rElec   .          Harm     .   k - +2 cloak {rCorr}
rCorr   +          Rampage  .   m - +0 pair of gloves
Will    .....      NoTele   +   e - +1 pair of boots
Stlth   +++.......              J - amulet of regeneration
HPRegen 1.07/turn               A - ring "Qydwimiph" {rCorr AC+4}
MPRegen 0.16/turn               w - ring of see invisible

@: unable to read
A: breathe frost, AC +8, unfitting armour, cold resistance 2, cold-blooded,
deterioration 1, wild magic 1, inability to read while threatened
a: Breathe Frost, Renounce Religion


You were in a Gauntlet.
You worshipped Xom.
You were a special plaything of Xom.
You visited 2 branches of the dungeon, and saw 12 of its levels.
You also visited: Bailey and Gauntlet.

You collected 683 gold pieces.
You spent 108 gold pieces at shops.

Inventory:

Hand Weapons
 a - a +0 falchion of chaos
 j - a +3 quarterstaff of chaos
 n - a +2 arbalest of chaos
 B - a +7 great sword of freezing (weapon)
Missiles
 h - 24 poisoned darts
 C - 6 boomerangs (quivered)
 G - 4 javelins
 K - a throwing net
Armour
 e - a +1 pair of boots (worn)
 i - the +1 hat of Ignis's Whim (worn) {rF+ Int+7}
   (You acquired it in a bailey)

   Int:       It affects your intelligence (+7).
   rF:        It protects you from fire.
 k - a +2 cloak of preservation (worn)
 m - a +0 pair of gloves (worn)
Jewellery
 t - a +6 ring of intelligence
 u - a ring of positive energy
 w - a ring of see invisible (right hand)
 x - a ring of positive energy
 A - the ring "Qydwimiph" (left hand) {rCorr AC+4}
   (You acquired it on level 9 of the Dungeon)

   [ring of protection]

   AC:        It affects your AC (+4).
   rCorr:     It protects you from acid and corrosion.
 E - an amulet of reflection
 J - an amulet of regeneration (around neck)
 L - a ring of positive energy
 O - an amulet of faith
Wands
 l - a wand of flame (21)
 o - a wand of acid (4)
 s - a wand of mindburst (17)
 y - a wand of iceblast (10)
 N - a wand of charming (6)
Scrolls
 d - 7 scrolls of immolation
 f - 3 scrolls of fog
 r - a scroll of teleportation
 D - 2 scrolls of fear
 F - a scroll of identify
 I - a scroll of summoning
 M - 2 scrolls of blinking
Potions
 c - 2 potions of brilliance
 g - 2 potions of curing
 p - a potion of cancellation
 q - 6 potions of flight
 v - a potion of attraction
 z - 2 potions of berserk rage
 H - a potion of heal wounds
Miscellaneous
 b - a piece from Xom's chessboard (13/15)


   Skills:
 + Level 8.4 Fighting
 + Level 9.2 Long Blades
 + Level 8.8 Staves
 + Level 5.8 Throwing
 + Level 11.1 Dodging
 + Level 4.6 Stealth
 + Level 3.1 Shields
 * Level 4.2 Spellcasting
 * Level 5.7 Ice Magic
 + Level 1.5 Evocations


You had 16 spell levels left.
You knew the following spells:

 Your Spells              Type           Power      Damage    Failure   Level
a - Ozocubu's Armour      Ice            33%        N/A       6%          3

Your spell library contained the following spells:

 Spells                   Type           Power      Damage    Failure   Level
 Freeze                   Ice            100%       1d11      2%          1
 Frozen Ramparts          Ice            66%        1d8       6%          3
 Static Discharge         Conj/Air       5%         N/A       28%         2
 Hailstorm                Conj/Ice       19%        3d6       47%         4
 Ice Form                 Ice/Tmut       19%        N/A       47%         4
 Summon Ice Beast         Ice/Summ       19%        N/A       47%         4
 Dispel Undead            Necr           5%         3d7       86%         4
 Sticky Flame             Conj/Fire      5%         2d3       86%         4
 Ozocubu's Refrigeration  Ice            16%        4d8       100%        7


Dungeon Overview and Level Annotations

Branches:
Dungeon (11/15)            Temple (1/1) D:4            Lair (0/6) D:11
 Bailey (visited)         Gauntlet (1/1)
    Orc: D:9-12

Altars:
Ashenzari
Cheibriados
Dithmenos
Elyvilon
Fedhas
Gozag
Kikubaaqudgha
Makhleb
Nemelex Xobeh
Okawaru
Qazlal
Ru
Sif Muna
Trog
Uskayaw
Vehumet
Wu Jian
Xom
Yredelemnul
Zin
The Shining One

Shops:
D:5 ([[(!   D:6 [

Portals:
Trove: D:11 (show abyssal rune of Zot)

Annotations:
D:11 exclusion: 2 oklob plants Gauntlet 7 transporters


Innate Abilities, Weirdness & Mutations

You can breathe waves of freezing cold which knock back foes.
Your icy white scales are hard. (AC +8)
You cannot fit into any form of body armour.
Your flesh is very cold resistant. (rC++)
You are cold-blooded and may be slowed by cold attacks.
Your body sometimes deteriorates upon taking damage.
Your spells are a little harder to cast, but a little more powerful.
You sometimes lose the ability to read scrolls when taking damage.


Message History

The tyrant leech completely misses you.
You closely miss the tyrant leech.
The tyrant leech is almost dead.
You hit the swamp worm but do no damage.
The swamp worm barely misses you. The swamp worm misses you.
The tyrant leech barely misses you.
You slash the tyrant leech! You freeze the tyrant leech.
You kill the tyrant leech!
You hit the swamp worm but do no damage.
The swamp worm bites you.
You slash the swamp worm! You freeze the swamp worm.
The swamp worm is heavily wounded.
You closely miss the swamp worm. The swamp worm misses you.
The swamp worm bites you.
The swamp worm bites you but does no damage.
You closely miss the swamp worm.
The swamp worm is heavily wounded.
You barely miss the swamp worm.
Your cleaving frenzy subsides.
The swamp worm closely misses you. The swamp worm bites you!
The swamp worm barely misses you.
You hit the swamp worm but do no damage.
You tail-slap the swamp worm.
The swamp worm is severely wounded.
The swamp worm bites you but does no damage.
The swamp worm closely misses you. The swamp worm bites you!
* * * LOW HITPOINT WARNING * * *
You feel much better. The swamp worm bites you!
You feel threatened and lose the ability to read scrolls!
The swamp worm bites you!
* * * LOW HITPOINT WARNING * * *
The swamp worm bites you!
* * * LOW HITPOINT WARNING * * *
The swamp worm fires a harpoon shot at you.
The harpoon shot hits you!
* * * LOW HITPOINT WARNING * * *
You are yanked forward by the harpoon shot.
The swamp worm bites you!
You die...
Xom guffaws!

#.#.©#.©#©.©#.##©##©#.## 8.#
#.##..#)#.8.#.#.#.#$#..##...#
#..####.#...#.#.#.#=#...#.8.#
#.....5p#.8.#...#2..#.∩.#...#
#########...#########...#.©.#
........#.8.....#.....8.#.....#
#########...#########...#.©.#.#
#..##...#.8.#.......#.∩.#...# #
#.#...###...#.##@...#...#.8.#
#.#..#..#.8.#.##ww.[#..##...#
#..#©#.©#©.©#..©###©#.## .8.#
#..#..#.#####...###$#.≈## ..#
###...#.#...#.#.###:#.≈≈#
#...##..#.8.#.......#.≈##
#########...#########.##
......................≈#
#≈≈≈#≈≈≈#≈≈≈#≈≈≈#≈≈≈#≈≈≈#


You could see a green death and 2 swamp worms.

Vanquished Creatures
  4 two-headed ogres
  A centaur warrior (D:9)
  A death yak (D:9)
  Pikel (D:7)
  3 gargoyles
  Maggie (D:8)
  A komodo dragon (D:10)
  A polar bear (D:9)
  A troll (D:9)
  A tyrant leech (Gauntlet)
  A slime creature (D:9)
  2 shadows (Gauntlet)
  11 yaks
  A wraith (D:10)
  2 wyverns (D:9)
  5 humans
  2 steam dragons
  A swamp worm (Gauntlet)
  A water moccasin (D:9)
  6 ice beasts
  3 black bears
  9 centaurs
  3 wolves
  5 kobold brigands
  2 lemures (D:7)
  A phantom (D:3)
  6 small abominations (Gauntlet)
  5 bullfrogs
  2 necrophages (D:6)
  4 gnoll sergeants
  5 scorpions
  4 wights
  13 killer bees
  3 howler monkeys (D:9)
  An electric eel (D:8)
  4 hounds
  7 orc priests
  2 gnoll shamans (D:8)
  Crazy Yiuf (D:2)
  A jelly (D:6)
  Ijyb (D:3)
  5 iguanas
  Natasha (D:3)
  11 orc wizards
  A centaur simulacrum (D:9)
  29 gnolls
  8 adders
  2 shadow imps
  4 white imps
  2 howler monkey simulacra (D:9)
  3 worms
  4 dart slugs
  23 orcs
  7 endoplasms
  15 giant cockroaches
  13 goblins
  9 hobgoblins
  2 jackals (D:1)
  26 kobolds
  2 quokkas
  4 ball pythons
  5 bats
  2 frilled lizards (D:2)
  2 rats
309 creatures vanquished.

Vanquished Creatures (collateral kills)
  An orc warlord (Bailey)
  Grum (D:8)
  2 orc warriors (Bailey)
  2 wolves (D:8)
  A wight (D:8)
  2 orcs (Bailey)
  2 kobolds (D:6)
11 creatures vanquished.

Vanquished Creatures (others)
  A yak (D:10)
  A white imp (D:9)
  A demonic plant (Gauntlet)
  A fungus (D:2)
4 creatures vanquished.

Grand Total: 324 creatures vanquished

Notes
Turn   | Place    | Note
-------+----------+-------------------------------------------
     0 | D:1      | Lekart the Draconian Chaos Knight began the quest for the
                  | Orb.
     0 | D:1      | Reached XP level 1. HP: 19/19 MP: 1/1
   109 | D:1      | Found a faded altar of an unknown god.
   201 | D:1      | XOM: potion effect (might)
   203 | D:1      | Reached XP level 2. HP: 23/26 MP: 2/2
   456 | D:1      | XOM: silly message
   838 | D:2      | XOM: divination: detect items
   918 | D:1      | XOM: noise
  1071 | D:2      | Reached XP level 3. HP: 31/33 MP: 3/3
  1098 | D:2      | XOM: enchant monster (bad)
  1406 | D:2      | Reached XP level 4. HP: 7/40 MP: 4/4
  1476 | D:1      | XOM: divination: magic mapping
  2160 | D:2      | XOM: enchant monster (bad)
  2377 | D:1      | Reached skill level 3 in Dodging
  2577 | D:2      | XOM: enchant monster (bad)
  2744 | D:2      | Found a runed translucent door.
  2745 | D:2      | Noticed Crazy Yiuf
  2753 | D:2      | Killed Crazy Yiuf
  2754 | D:2      | Reached XP level 5. HP: 34/46 MP: 5/5
  2911 | D:3      | Found a broken altar of Ashenzari.
  2911 | D:3      | Found a bloodstained altar of Trog.
  2918 | D:3      | Found a shimmering altar of Xom.
  2920 | D:3      | Found a hide-covered altar of Uskayaw.
  2922 | D:3      | Found a faded altar of an unknown god.
  2959 | D:3      | XOM: 4-stop teleportation journey
  2996 | D:3      | Noticed a phantom
  2997 | D:3      | XOM: enchant monster (bad)
  3026 | D:3      | Killed a phantom
  3027 | D:3      | Reached skill level 1 in Staves
  3376 | D:3      | Noticed Natasha
  3392 | D:3      | Killed Natasha
  3393 | D:3      | Reached XP level 6. HP: 28/53 MP: 6/6
  3444 | D:3      | XOM: cloud trail
  3500 | D:3      | XOM: summons 4 hostile demons
  3649 | D:3      | Noticed Ijyb
  3664 | D:3      | Killed Ijyb
  3683 | D:3      | XOM: god gift: runed arbalest {god gift}
  3773 | D:3      | XOM: blink monster(s)
  3778 | D:3      | Reached skill level 5 in Fighting
  3846 | D:4      | XOM: noise
  3848 | D:4      | Reached skill level 1 in Evocations
  4004 | D:4      | Reached skill level 1 in Stealth
  4156 | D:4      | Found a shadowy altar of Dithmenos.
  4249 | D:4      | Found a staircase to the Ecumenical Temple.
  4269 | Temple   | Entered the Ecumenical Temple
  4415 | Temple   | XOM: summons 4 hostile demons
  4750 | Temple   | XOM: noise
  5206 | D:4      | Found a basalt altar of Yredelemnul.
  5338 | D:4      | Found an opulent altar of Gozag.
  5434 | D:5      | XOM: stealth player
  5434 | D:5      | Entered Level 5 of the Dungeon
  5446 | D:5      | Found Hudistudde's Weapon Emporium.
  5549 | D:5      | Found Muhuckah's Distillery.
  5558 | D:5      | Bought a potion of mutation for 96 gold pieces
  5558 | D:5      | Bought a potion of degeneration for 12 gold pieces
  5560 | D:5      | Gained mutation: You are partially covered in large bone
                  | plates. (SH +4) [potion of mutation]
  5560 | D:5      | Gained mutation: Your magical capacity is low. (-10% MP)
                  | [potion of mutation]
  5560 | D:5      | Gained mutation: You sometimes lose the ability to read
                  | scrolls when taking damage. [potion of mutation]
  5560 | D:5      | Gained mutation: Your tail ends in a venomous barb. [potion
                  | of mutation]
  5573 | D:5      | XOM: draining
  5597 | D:5      | Found Noomulatz's Antique Armour Emporium.
  5641 | D:5      | Reached skill level 4 in Dodging
  5641 | D:5      | Your scales start taking on an icy white colour.
  5641 | D:5      | Reached XP level 7. HP: 50/57 MP: 6/6
  5641 | D:5      | Gained mutation: Your flesh is cold resistant. (rC+) [White
                  | Draconian growth]
  5684 | D:5      | XOM: 2-stop teleportation journey
  5705 | D:5      | XOM: enchant monster (good)
  5732 | D:5      | Found Gumoatei's Antique Weapon Shop.
  5891 | D:5      | XOM: noise
  5943 | D:5      | XOM: cloud trail
  5964 | D:5      | Found Lunem's Armour Emporium.
  6195 | D:5      | Lost mutation: You are partially covered in large bone
                  | plates. (SH +4) [potion of mutation]
  6195 | D:5      | Lost mutation: Your tail ends in a venomous barb. [potion
                  | of mutation]
  6195 | D:5      | Gained mutation: You are partially covered in large bone
                  | plates. (SH +4) [potion of mutation]
  6230 | D:6      | XOM: divination: detect creatures
  6275 | D:6      | Found Vixt's Armour Boutique.
  6417 | D:6      | Reached skill level 1 in Shields
  6417 | D:6      | Reached XP level 8. HP: 64/69 MP: 7/7
  6508 | D:6      | Reached skill level 5 in Staves
  6581 | D:6      | XOM: cast spell 'Call Canine Familiar'
  6805 | D:6      | Found a stormy altar of Qazlal.
  6837 | D:6      | Reached skill level 5 in Dodging
  6900 | D:6      | Reached skill level 1 in Throwing
  7081 | D:6      | XOM: draining
  7179 | D:7      | XOM: enchant monster (bad)
  7200 | D:6      | XOM: noise
  7203 | D:6      | XOM: cleaving
  7440 | D:6      | Reached XP level 9. HP: 60/75 MP: 8/8
  7451 | D:6      | XOM: enchant monster (good)
  7676 | D:7      | XOM: summons 2 hostile demons
  8170 | D:7      | XOM: cast spell 'Call Canine Familiar'
  8181 | D:7      | Noticed Pikel
  8190 | D:7      | XOM: cast spell 'Summon Cactus Giant'
  8192 | D:7      | XOM: smoke on damage
  8197 | D:7      | Killed Pikel
  8198 | D:7      | Reached skill level 6 in Dodging
  8768 | D:7      | XOM: enchant monster (bad)
  8876 | D:8      | XOM: summons 7 friendly demons
  9171 | D:8      | XOM: 1-stop teleportation journey
  9324 | D:8      | Found a flagged portal.
  9326 | D:8      | XOM: divination: detect creatures
  9329 | D:8      | XOM: cleaving
  9335 | D:8      | XOM: divination: magic mapping
  9341 | Bailey   | Entered a bailey
  9404 | Bailey   | Noticed an orc warlord
  9556 | Bailey   | Found a runed translucent gate.
  9556 | Bailey   | Found a runed translucent gate.
  9556 | Bailey   | Found a runed translucent gate.
  9573 | Bailey   | Killed an orc warlord
  9574 | Bailey   | Reached skill level 5 in Long Blades
  9574 | Bailey   | Reached XP level 10. HP: 44/86 MP: 9/9
  9589 | Bailey   | Acquired the +1 hat of Ignis's Whim {rF+ Int+7}
  9791 | Bailey   | Lost mutation: You sometimes lose the ability to read
                  | scrolls when taking damage. [potion of mutation]
  9791 | Bailey   | Lost mutation: You are partially covered in large bone
                  | plates. (SH +4) [potion of mutation]
  9791 | Bailey   | Gained mutation: You have a pair of small antennae on your
                  | head. [potion of mutation]
  9791 | Bailey   | Gained mutation: You are frail. (-10% HP) [potion of
                  | mutation]
  9791 | Bailey   | Gained mutation: You sometimes lose the ability to read
                  | scrolls when taking damage. [potion of mutation]
  9791 | Bailey   | Gained mutation: You expend magic power (3 MP) to
                  | strengthen your wands. [potion of mutation]
 10196 | D:8      | Noticed Grum
 10206 | D:8      | XOM: summons 8 friendly demons
 10221 | D:8      | Killed Grum
 10327 | D:8      | XOM: scenery: 2 doors open, 1 doors close
 10545 | D:8      | XOM: 1-stop teleportation journey
 10696 | D:8      | XOM: potion effect (invisibility)
 10813 | D:8      | Noticed Maggie
 10826 | D:8      | Killed Maggie
 11108 | D:8      | Learned a level 3 spell: Ozocubu's Armour
 11175 | D:9      | Noticed a two-headed ogre
 11186 | D:9      | Killed a two-headed ogre
 11187 | D:9      | Reached skill level 1 in Spellcasting
 11187 | D:9      | Reached skill level 1 in Ice Magic
 11239 | D:9      | Noticed a death yak
 11243 | D:9      | XOM: destruction
 11253 | D:9      | XOM: 2-stop teleportation journey
 11280 | D:9      | XOM: confuse monster(s)
 11281 | D:9      | Noticed a centaur warrior
 11286 | D:9      | Noticed a gargoyle
 11297 | D:9      | XOM: confuse monster(s)
 11303 | D:9      | Killed a gargoyle
 11304 | D:9      | Reached XP level 11. HP: 79/83 MP: 12/12
 11339 | D:9      | Acquired the ring "Qydwimiph" {rCorr AC+4}
 11346 | D:9      | XOM: fog
 11353 | D:9      | Killed a centaur warrior
 11424 | D:9      | XOM: scenery: create altars
 11439 | D:9      | XOM: confuse monster(s)
 11604 | D:9      | Reached skill level 7 in Dodging
 11746 | D:9      | Killed a death yak
 11758 | D:9      | XOM: silly message
 11760 | D:9      | XOM: potion effect (experience)
 11760 | D:9      | Reached skill level 10 in Dodging
 11760 | D:9      | Reached XP level 12. HP: 34/90 MP: 14/14
 11764 | D:9      | XOM: divination: detect items
 11867 | D:9      | XOM: give mutation
 11867 | D:9      | Gained mutation: Your spells are a little harder to cast,
                  | but a little more powerful. [Xom's mischief]
 11869 | D:9      | XOM: blink monster(s)
 11884 | D:9      | Noticed a two-headed ogre
 11893 | D:9      | Killed a two-headed ogre
 12054 | D:9      | XOM: 1-stop teleportation journey
 12173 | D:9      | Reached skill level 5 in Throwing
 12202 | D:9      | XOM: enchant monster (bad)
 12468 | D:10     | Entered Level 10 of the Dungeon
 12655 | D:10     | Lost mutation: You have a pair of small antennae on your
                  | head. [potion of mutation]
 12655 | D:10     | Lost mutation: Your magical capacity is low. (-10% MP)
                  | [potion of mutation]
 12655 | D:10     | Lost mutation: You are frail. (-10% HP) [potion of
                  | mutation]
 12655 | D:10     | Gained mutation: Your system is resistant to poisons.
                  | (rPois) [potion of mutation]
 12655 | D:10     | Gained mutation: You are agile. (Dex +2) [potion of
                  | mutation]
 12655 | D:10     | Gained mutation: Your flesh is very cold resistant. (rC++)
                  | [potion of mutation]
 12655 | D:10     | Gained mutation: You have an increased reservoir of magic.
                  | (+10% MP) [potion of mutation]
 12812 | D:10     | XOM: divination: detect items
 12836 | D:10     | XOM: noise
 12878 | D:10     | XOM: give mutation
 12878 | D:10     | Gained mutation: Your body sometimes deteriorates upon
                  | taking damage. [Xom's mischief]
 13000 | D:10     | XOM: blink monster(s)
 13025 | D:10     | XOM: divine lightning
 13459 | D:11     | Found a staircase to the Lair.
 13509 | D:11     | Noticed an eight-headed hydra
 13516 | D:11     | XOM: divination: detect items
 13519 | D:11     | XOM: give mutation
 13519 | D:11     | Lost mutation: You have an increased reservoir of magic.
                  | (+10% MP) [Xom's mischief]
 13529 | D:11     | Found a portal to a secret trove of treasure.
 13529 | D:11     | Noticed a two-headed ogre
 13529 | D:11     | XOM: 7-stop teleportation journey
 13533 | D:11     | Killed a two-headed ogre
 13534 | D:11     | Reached skill level 5 in Ice Magic
 13536 | D:11     | XOM: give mutations
 13536 | D:11     | Lost mutation: Your system is resistant to poisons. (rPois)
                  | [Xom's mischief]
 13536 | D:11     | Lost mutation: You expend magic power (3 MP) to strengthen
                  | your wands. [Xom's mischief]
 13536 | D:11     | Lost mutation: You are agile. (Dex +2) [Xom's mischief]
 13572 | D:11     | Noticed a two-headed ogre
 13576 | D:11     | XOM: chaos upgrade
 13580 | D:11     | Killed a two-headed ogre
 13604 | D:11     | Noticed a boulder beetle
 13608 | D:11     | XOM: summons 4 hostile shadow creatures
 13689 | D:11     | XOM: chaos upgrade
 13698 | D:11     | Reached skill level 11 in Dodging
 13707 | D:11     | Found a gate leading to a gauntlet.
 13719 | Gauntlet | Entered a Gauntlet
 13719 | Gauntlet | Found a transporter.
 13719 | Gauntlet | Found a transporter.
 13720 | Gauntlet | Noticed a tengu warrior
 13721 | Gauntlet | Found a transporter.
 13721 | Gauntlet | Found a transporter.
 13725 | Gauntlet | Found a transporter.
 13725 | Gauntlet | Found a transporter.
 13758 | Gauntlet | Found a transporter.
 13762 | Gauntlet | Found a transporter.
 13766 | Gauntlet | Noticed a green death
 13794 | Gauntlet | Found a transporter.
 13810 | Gauntlet | Found a transporter.
 13825 | Gauntlet | Found a transporter.
 13829 | Gauntlet | Found a transporter.
 13873 | Gauntlet | XOM: cleaving
 13925 | Gauntlet | Mangled by a swamp worm

Illustrated notes

Levels and vault maps discovered:
D:1:      dpeg_arrival_short_road, layout_loops_ring,
          ebering_ecumenical_altar_ruins
D:2:      layout_rooms, uniq_crazy_yiuf_cottage
D:3:      minmay_roachtagon, layout_rooms, chequers_temple_overflow_minitemple,
          kennysheep_another_room, minmay_misc_feat_tiny, uniq_natasha,
          uniq_ijyb
D:4:      layout_loops_ring, grunt_gozag_breadcrumbs,
          nicolae_overflow_hidden_temple, minmay_temple_entry_waves,
          wad_floor_pattern_untrapped, eino_small_chamber_without_monster
D:5:      layout_basic, serial_shops, kennysheep_mini, nicolae_take_the_stairs,
          nicolae_shop_stone, nicolae_shop_trees, shop,
          kennysheep_generic_room_2
D:6:      layout_loops_ring, grunt_qazlal_sundering, serial_rivers,
          chequers_serial_rivers_room_a, chequers_serial_rivers_micro_e,
          chequers_serial_rivers_micro_b, chequers_serial_rivers_micro_c,
          chequers_serial_rivers_small_b, serial_shops, shop_fountains
D:7:      layout_loops_cross, nrook_mini_backslash, minmay_ruffians, uniq_pikel
D:8:      layout_gridville, enter_bailey_3, water_boxes_lemuel, uniq_grum,
          uniq_maggie
D:9:      cheibrodos_fzero, layout_irregular_city, serial_ice, serial_ice_f,
          serial_ice_h, serial_ice_o, serial_ice_d, serial_ice_e, serial_ice_n,
          serial_ice_b, serial_ice_j, grunt_ministairs_8
D:10:     layout_cave_pods
D:11:     layout_roguey, dpeg_oklobed_lair, nicolae_trove_entry_path_of_doom,
          gauntlet_entry_generic, kennysheep_generic_room_11
Temple:   oiseaux_autumnal_temple
Gauntlet: minmay_gauntlet_77_indecision [minmay_gauntlet_arena_77_double_cross,
          minmay_gauntlet_arena_77_two_lines,
          minmay_gauntlet_arena_77_hold_the_fort,
          minmay_gauntlet_arena_77_squiggly, minmay_gauntlet_arena_77_two_paths,
          minmay_gauntlet_arena_77_block_sizes,
          dreamdust_gauntlet_exit_labyrinth]

Skill      XL: |  1  2  3  4  5  6  7  8  9 10 11 12 |
---------------+-------------------------------------+-----
Fighting       | 4 5 6 7 8 |  8.4
Long Blades    | 4 5 7 8 9 |  9.2
Dodging        | 3 4 5 6 10 11 | 11.1
Staves         | 1 3 4 6 8 |  8.8
Evocations     | 1 |  1.5
Stealth        | 1 2 3 4 |  4.6
Shields        | 1 2 3 |  3.1
Throwing       | 1 4 5 |  5.8
Spellcasting   | 1 2 4 |  4.2
Ice Magic      | 2 3 5 |  5.7

Action                   |  1- 3 |  4- 6 |  7- 9 | 10-12 || total
-------------------------+-------+-------+-------+-------++-------
Melee: Falchion          |    95 |    46 |       |       ||   141
       Tailslap          |    10 |    27 |    38 |    58 ||   133
       Quarterstaff      |       |   176 |   206 |    21 ||   403
       Great sword       |       |       |    37 |   322 ||   359
Throw: Dart              |       |     6 |    45 |    18 ||    69
       Javelin           |       |     4 |    24 |       ||    28
       Boomerang         |       |       |       |   198 ||   198
 Abil: Breathe Frost     |       |       |     1 |     5 ||     6
Evoke: Piece from Xom's  |       |    15 |       |     5 ||    20
       Wand              |       |       |       |    18 ||    18
  Use: Scroll            |     1 |     6 |     4 |    13 ||    24
       Potion            |       |     5 |     1 |     7 ||    13
 Stab: Sleeping          |       |     3 |     4 |     6 ||    13
       Petrified         |       |       |       |     8 ||     8
       Invisible         |       |       |       |     1 ||     1
       Petrifying        |       |       |       |     1 ||     1
       Confused          |       |       |       |     1 ||     1
       Paralysed         |       |       |       |     7 ||     7
Armor: Skin              |    69 |   170 |   111 |   344 ||   694
Dodge: Dodged            |   115 |   203 |   233 |   818 ||  1369
Block: Other             |       |     3 |    49 |       ||    52

Table legend: (Time is in decaauts)
 A = Elapsed time spent in this place.
 B = Non-inter-level travel time spent in this place.
 C = Inter-level travel time spent in this place.
 D = Time resting spent in this place.
 E = Time spent auto-exploring this place.
 F = Levels seen in this place.
 G = Mean time per level.
                   A        B        C        D        E       F      G
               +--------+--------+--------+--------+--------+-----+--------+
         Total |  14182 |  13749 |    433 |   3525 |   6973 |  14 | 1013.0 |
       Dungeon |  12730 |  12331 |    399 |   3001 |   6614 |  11 | 1157.3 |
        Temple |    612 |    578 |     34 |    282 |    251 |   1 |  612.0 |
        Bailey |    625 |    625 |      0 |    242 |     81 |   1 |  625.0 |
      Gauntlet |    213 |    213 |      0 |      0 |     26 |   1 |  213.0 |
               +--------+--------+--------+--------+--------+-----+--------+

Top non-repeatable levels by time:
     D:1: 2204 daAuts
     D:8: 1712 daAuts
     D:6: 1463 daAuts
     D:7: 1448 daAuts
     D:9: 1123 daAuts
     D:4: 1098 daAuts
    D:10: 999 daAuts
     D:3: 914 daAuts
     D:5: 801 daAuts
     D:2: 688 daAuts
  Bailey: 625 daAuts
  Temple: 612 daAuts
    D:11: 277 daAuts
Gauntlet: 213 daAuts
